TOP OF THE 1ST |
Elizabethton Twins batting - Pitching for Pulaski Yankees : LHP Arturo Eli
|
Pitching: LHP Arturo Eli
|
|
Batting: RHB Andrew Nicol
|
0-0: Ball 1-0: Ball 2-0: Ball 3-0: Called Strike 3-1: Base on Balls
|
Batting: LHB David Campbell
|
0-0: Ball 1-0: Ball 2-0: Ball 3-0: Called Strike 3-1: Foul Ball, location: 2F 3-2: Fielders Choice at 2nd, 3-6 (Groundball, 3, EV 105.6 MPH)
|
Batting: RHB Jose Gracia
|
0-0: Called Strike 0-1: Ball 1-1: Ball 2-1: Fielders Choice at 2nd, 6-4 (Groundball, 6, EV 90.6 MPH)
|
Batting: SHB Dan Morataya
|
0-0: Called Strike 0-1: Called Strike 0-2: Hit by Pitch Jose Gracia to second
|
Batting: SHB Chris Hull
|
0-0: Called Strike 0-1: Ball 1-1: Called Strike 1-2: Strikes out swinging
|
Top of the 1st over - 0 runs, 0 hits, 0 errors, 2 left on base; Elizabethton 0 - Pulaski 0 |
BOTTOM OF THE 1ST |
Pulaski Yankees batting - Pitching for Elizabethton Twins : RHP Bud Puffer
|
Pitching: RHP Bud Puffer
|
|
Batting: RHB Bobby Melillo
|
0-0: Ball 1-0: Ground out 4-3 (Groundball, 4M, EV 81.2 MPH)
|
Batting: RHB Roberto Tena
|
0-0: Called Strike 0-1: Ground out 5-3 (Groundball, 56, EV 80.0 MPH)
|
Batting: LHB Joel Vera
|
0-0: Ground out U3 (Groundball, 3, EV 86.2 MPH)
|
Bottom of the 1st over - 0 runs, 0 hits, 0 errors, 0 left on base; Elizabethton 0 - Pulaski 0 |
TOP OF THE 2ND |
Elizabethton Twins batting - Pitching for Pulaski Yankees : LHP Arturo Eli
|
Batting: LHB Jiong Shui
|
0-0: Called Strike 0-1: Foul Ball, location: 2F 0-2: Strikes out looking
|
Batting: RHB Alex Belton
|
0-0: Foul Ball, location: 2F 0-1: Ball 1-1: Foul Ball, location: 2F 1-2: Ball 2-2: Ball 3-2: Foul Ball, location: 2F 3-2: Strikes out swinging
|
Batting: RHB Nick Phipps
|
0-0: Ball 1-0: Called Strike 1-1: Swinging Strike 1-2: Strikes out swinging
|
Top of the 2nd over - 0 runs, 0 hits, 0 errors, 0 left on base; Elizabethton 0 - Pulaski 0 |
BOTTOM OF THE 2ND |
Pulaski Yankees batting - Pitching for Elizabethton Twins : RHP Bud Puffer
|
Batting: LHB Dan Morris
|
0-0: Ball 1-0: Foul Ball, location: 2F 1-1: Foul Ball, location: 2F 1-2: Foul Ball, location: 2F 1-2: Ball 2-2: Foul Ball, location: 2F 2-2: Foul Ball, location: 2F 2-2: Foul Ball, location: 2F 2-2: Ground out 6-3 (Groundball, 6, EV 85.6 MPH)
|
Batting: RHB Colby Macon
|
0-0: Foul Ball, location: 2F 0-1: SOLO HOME RUN (Flyball, 7LD, EV 93.8 MPH), Distance : 338 ft
|
Batting: SHB Joe Fure
|
0-0: Ball 1-0: Ball 2-0: Ball 3-0: Base on Balls
|
Pitching: RHP Andrew Rich
|
|
Batting: RHB Johannes Gutermuth
|
0-0: Ball 1-0: Called Strike 1-1: Ball 2-1: Ball 3-1: Foul Ball, location: 2F 3-2: Base on Balls Joe Fure to second
|
Batting: RHB Jordan Barragan
|
0-0: Ball 1-0: Fly out, F8 (Flyball, 78D, EV 85.6 MPH)
|
Batting: RHB Graham Murphy
|
0-0: SINGLE (Groundball, 56D, EV 98.8 MPH) Joe Fure to third Johannes Gutermuth to second Throwing error, E7 Joe Fure scores Johannes Gutermuth to third Graham Murphy to second
|
Batting: RHB Bobby Melillo
|
0-0: 3-RUN HOME RUN (Flyball, 78XD, EV 113.1 MPH), Distance : 436 ft
|
Batting: RHB Roberto Tena
|
0-0: Ball 1-0: DOUBLE (Line Drive, 89D, EV 112.5 MPH)
|
Batting: LHB Joel Vera
|
0-0: Ball 1-0: Ball 2-0: Ball 3-0: Base on Balls
|
Batting: LHB Dan Morris
|
0-0: Swinging Strike 0-1: Called Strike 0-2: Strikes out swinging
|
Bottom of the 2nd over - 5 runs, 4 hits, 1 error, 2 left on base; Elizabethton 0 - Pulaski 5 |
TOP OF THE 3RD |
Elizabethton Twins batting - Pitching for Pulaski Yankees : LHP Arturo Eli
|
Batting: RHB Miguel Castella
|
0-0: Called Strike 0-1: Foul Ball, location: 2F 0-2: Foul Ball, location: 2F 0-2: Ball 1-2: Ball 2-2: Strikes out swinging
|
Batting: RHB Andrew Nicol
|
0-0: Called Strike 0-1: Swinging Strike 0-2: Foul Ball, location: 2F 0-2: Ball 1-2: Ball 2-2: Strikes out looking
|
Batting: LHB David Campbell
|
0-0: Called Strike 0-1: Ball 1-1: Foul Ball, location: 2F 1-2: Ball 2-2: Ground out 6-3 (Groundball, 56, EV 87.5 MPH)
|
Top of the 3rd over - 0 runs, 0 hits, 0 errors, 0 left on base; Elizabethton 0 - Pulaski 5 |
BOTTOM OF THE 3RD |
Pulaski Yankees batting - Pitching for Elizabethton Twins : RHP Andrew Rich
|
Pitching: RHP Jon Hice
|
|
Batting: RHB Colby Macon
|
0-0: Ball 1-0: Ball 2-0: Ball 3-0: SOLO HOME RUN (Flyball, 7D, EV 97.5 MPH), Distance : 381 ft
|
Batting: SHB Joe Fure
|
0-0: Ball 1-0: Ball 2-0: Ball 3-0: Called Strike 3-1: Base on Balls
|
Batting: RHB Johannes Gutermuth
|
0-0: Ball 1-0: Fly out, F3 (Popup, 3S, EV 78.1 MPH)
|
Batting: RHB Jordan Barragan
|
0-0: Ball 1-0: Foul Ball, location: 2F 1-1: Ball 2-1: Called Strike 2-2: Ball 3-2: SINGLE (Groundball, 6D, EV 100.6 MPH) Joe Fure to second Joe Fure to third
|
Batting: RHB Graham Murphy
|
0-0: Called Strike 0-1: Ball 1-1: Ball 2-1: Foul Ball, location: 2F 2-2: SINGLE (Groundball, 5S, EV 78.1 MPH) (infield hit) Joe Fure scores Jordan Barragan to second
|
Batting: RHB Bobby Melillo
|
0-0: Ball 1-0: 3-RUN HOME RUN (Flyball, 7D, EV 96.9 MPH), Distance : 378 ft
|
Pitching: RHP Ewan Wijker
|
|
Batting: RHB Roberto Tena
|
0-0: Ball 1-0: Foul Ball, location: 2F 1-1: Swinging Strike 1-2: Ball 2-2: DOUBLE (Line Drive, 78D, EV 104.4 MPH)
|
Batting: LHB Joel Vera
|
0-0: Ball 1-0: Foul Ball, location: 2F 1-1: Foul Ball, location: 2F 1-2: Ball 2-2: Ground out 4-3 (Groundball, 4, EV 105.6 MPH) Roberto Tena to third
|
Batting: LHB Dan Morris
|
0-0: Ball 1-0: Ball 2-0: Ball 3-0: Called Strike 3-1: Base on Balls
|
Batting: RHB Colby Macon
|
0-0: Called Strike 0-1: 3-RUN HOME RUN (Flyball, 7LD, EV 92.5 MPH), Distance : 340 ft
|
Batting: SHB Joe Fure
|
0-0: Ball 1-0: Ball 2-0: Ball 3-0: Base on Balls
|
Batting: RHB Johannes Gutermuth
|
0-0: Ball 1-0: Foul Ball, location: 2F 1-1: Fly out, F3 (Popup, 3SF, EV 85.6 MPH)
|
Bottom of the 3rd over - 8 runs, 6 hits, 0 errors, 1 left on base; Elizabethton 0 - Pulaski 13 |
TOP OF THE 4TH |
Elizabethton Twins batting - Pitching for Pulaski Yankees : LHP Arturo Eli
|
Batting: RHB Jose Gracia
|
0-0: Called Strike 0-1: Called Strike 0-2: Ball 1-2: Ground out 6-3 (Groundball, 6, EV 85.6 MPH)
|
Batting: SHB Dan Morataya
|
0-0: Called Strike 0-1: Ball 1-1: Foul Ball, location: 2F 1-2: Strikes out swinging
|
Batting: SHB Chris Hull
|
0-0: Called Strike 0-1: Ball 1-1: Ball 2-1: Foul Ball, location: 2F 2-2: Strikes out swinging
|
Top of the 4th over - 0 runs, 0 hits, 0 errors, 0 left on base; Elizabethton 0 - Pulaski 13 |
BOTTOM OF THE 4TH |
Pulaski Yankees batting - Pitching for Elizabethton Twins : RHP Ewan Wijker
|
Batting: RHB Jordan Barragan
|
0-0: Called Strike 0-1: Foul Ball, location: 2F 0-2: DOUBLE (Line Drive, 7LD, EV 100.6 MPH)
|
Batting: RHB Graham Murphy
|
0-0: Ball 1-0: Swinging Strike 1-1: Foul Ball, location: 2F 1-2: Foul Ball, location: 2F 1-2: Ball 2-2: Foul Ball, location: 2F 2-2: Ball Wild Pitch! Jordan Barragan to third 3-2: Ground out 1-3 (Groundball, P, EV 71.2 MPH)
|
Batting: RHB Bobby Melillo
|
0-0: Ball 1-0: Ball 2-0: Ball 3-0: Base on Balls
|
Batting: RHB Roberto Tena
|
0-0: Ball Balk! Jordan Barragan scores Bobby Melillo to second 1-0: Ball 2-0: Fly out, F8 (Flyball, 8RD, EV 79.4 MPH)
|
Pitching: RHP John Giffin
|
|
Batting: LHB Joel Vera
|
0-0: Ball 1-0: Ground out 4-3 (Groundball, 4, EV 90.0 MPH)
|
Bottom of the 4th over - 1 run, 1 hit, 0 errors, 1 left on base; Elizabethton 0 - Pulaski 14 |
TOP OF THE 5TH |
Elizabethton Twins batting - Pitching for Pulaski Yankees : LHP Arturo Eli
|
Batting: LHB Jiong Shui
|
0-0: Foul Ball, location: 2F 0-1: DOUBLE (Groundball, 5L, EV 101.2 MPH)
|
Batting: RHB Alex Belton
|
0-0: Ball 1-0: Foul Ball, location: 2F 1-1: Called Strike 1-2: Reached on error, E3 (Groundball, 34, EV 99.4 MPH) Jiong Shui to third
|
Batting: RHB Nick Phipps
|
0-0: Ball 1-0: Called Strike 1-1: Swinging Strike 1-2: Strikes out swinging
|
Batting: RHB Miguel Castella
|
0-0: Swinging Strike 0-1: Called Strike Alex Belton steals 2nd base (no throw) 0-2: Ball 1-2: Ball 2-2: Ground out 6-3 (Groundball, 6, EV 90.6 MPH) Jiong Shui scores
|
Batting: RHB Andrew Nicol
|
0-0: Ball 1-0: Fly out, F8 (Flyball, 8RD, EV 86.9 MPH)
|
Top of the 5th over - 1 run, 1 hit, 1 error, 1 left on base; Elizabethton 1 - Pulaski 14 |
BOTTOM OF THE 5TH |
Pulaski Yankees batting - Pitching for Elizabethton Twins : RHP John Giffin
|
Batting: LHB Dan Morris
|
0-0: Ball 1-0: Fly out, F8 (Flyball, 8RM, EV 84.4 MPH)
|
Batting: RHB Colby Macon
|
0-0: Called Strike 0-1: Foul Ball, location: 2F 0-2: Strikes out swinging
|
Batting: SHB Joe Fure
|
0-0: Called Strike 0-1: Foul Ball, location: 2F 0-2: Foul Ball, location: 2F 0-2: Foul Ball, location: 2F 0-2: DOUBLE (Line Drive, 5D, EV 100.0 MPH)
|
Batting: RHB Johannes Gutermuth
|
0-0: Ball 1-0: DOUBLE (Line Drive, 8RXD, EV 110.0 MPH) Joe Fure scores
|
Batting: RHB Jordan Barragan
|
0-0: Ball 1-0: DOUBLE (Groundball, 5L, EV 104.4 MPH) Johannes Gutermuth scores
|
Batting: RHB Graham Murphy
|
0-0: Swinging Strike 0-1: Fly out, F4 (Flyball, 34D, EV 86.9 MPH)
|
Bottom of the 5th over - 2 runs, 3 hits, 0 errors, 1 left on base; Elizabethton 1 - Pulaski 16 |
TOP OF THE 6TH |
Elizabethton Twins batting - Pitching for Pulaski Yankees : LHP Arturo Eli
|
Batting: LHB David Campbell
|
0-0: Called Strike 0-1: Ball 1-1: Swinging Strike 1-2: Ball 2-2: Fly out, F9 (Flyball, 9D, EV 91.2 MPH)
|
Batting: RHB Jose Gracia
|
0-0: Fly out, F8 (Flyball, 89D, EV 90.6 MPH)
|
Batting: SHB Dan Morataya
|
0-0: Ball 1-0: Ball 2-0: Ball 3-0: Base on Balls
|
Batting: SHB Chris Hull
|
0-0: Swinging Strike 0-1: Called Strike 0-2: Ball 1-2: SINGLE (Line Drive, 34, EV 98.8 MPH) Dan Morataya to second
|
Batting: LHB Jiong Shui
|
0-0: Ball 1-0: Ball 2-0: Ball 3-0: Called Strike 3-1: DOUBLE (Flyball, 78D, EV 92.5 MPH) Dan Morataya scores Chris Hull to third
|
Pitching: RHP Bobby Savoy
|
|
Batting: RHB Alex Belton
|
0-0: Ball 1-0: Ball 2-0: Reached via error on a dropped throw from 1B, E1 (Groundball, 34, EV 107.5 MPH) Chris Hull scores Jiong Shui to third
|
Batting: RHB Nick Phipps
|
0-0: Called Strike 0-1: Called Strike 0-2: Foul Ball, location: 2F 0-2: 3-RUN HOME RUN (Flyball, 7LD, EV 96.9 MPH), Distance : 354 ft
|
Batting: RHB Miguel Castella
|
0-0: Foul Ball, location: 2F 0-1: Swinging Strike 0-2: Ground out 5-3 (Groundball, 5, EV 100.0 MPH)
|
Top of the 6th over - 5 runs, 3 hits, 1 error, 0 left on base; Elizabethton 6 - Pulaski 16 |
BOTTOM OF THE 6TH |
Pulaski Yankees batting - Pitching for Elizabethton Twins : RHP John Giffin
|
Batting: RHB Bobby Melillo
|
0-0: Ball 1-0: SINGLE (Line Drive, 34D, EV 96.2 MPH)
|
Batting: RHB Roberto Tena
|
0-0: Ball Wild Pitch! Bobby Melillo to second 1-0: Ball 2-0: Ground out 6-3 (Groundball, 6, EV 85.0 MPH) Bobby Melillo to third
|
Batting: LHB Joel Vera
|
0-0: Ball Wild Pitch! Bobby Melillo scores 1-0: Ball 2-0: Ball 3-0: Base on Balls
|
Batting: LHB Dan Morris
|
0-0: Ball 1-0: Called Strike 1-1: Swinging Strike 1-2: Ball 2-2: Fly out, F8 (Flyball, 78M, EV 90.6 MPH)
|
Batting: RHB Colby Macon
|
0-0: Called Strike 0-1: Called Strike 0-2: SINGLE (Groundball, 25, EV 62.5 MPH) (infield hit) Joel Vera to second
|
Pinch Runner at 1st Nick Dunton:
|
|
Batting: SHB Joe Fure
|
0-0: Ball 1-0: Ball 2-0: Ball 3-0: Base on Balls Joel Vera to third Nick Dunton to second
|
Batting: RHB Johannes Gutermuth
|
0-0: Ball 1-0: Called Strike 1-1: Ball 2-1: Foul Ball, location: 2F 2-2: Ground out 3-1 (Groundball, 34, EV 88.1 MPH)
|
Bottom of the 6th over - 1 run, 2 hits, 0 errors, 3 left on base; Elizabethton 6 - Pulaski 17 |
TOP OF THE 7TH |
Elizabethton Twins batting - Pitching for Pulaski Yankees : RHP Bobby Savoy
|
Batting: RHB Andrew Nicol
|
0-0: Ball 1-0: Foul Ball, location: 2F 1-1: Foul Ball, location: 2F 1-2: Strikes out swinging
|
Batting: LHB David Campbell
|
0-0: Ball 1-0: Called Strike 1-1: DOUBLE (Line Drive, 9LM, EV 96.9 MPH)
|
Batting: RHB Jose Gracia
|
0-0: Ball 1-0: Fly out, F9 (Flyball, 9D, EV 93.1 MPH)
|
Batting: SHB Dan Morataya
|
0-0: Ball 1-0: Ball Passed Ball! David Campbell to third 2-0: Foul Ball, location: 2F 2-1: Ball 3-1: Base on Balls
|
Batting: SHB Chris Hull
|
0-0: Foul Ball, location: 2F 0-1: Swinging Strike 0-2: Ground out 4-3 (Groundball, 4, EV 102.5 MPH)
|
Top of the 7th over - 0 runs, 1 hit, 0 errors, 2 left on base; Elizabethton 6 - Pulaski 17 |
BOTTOM OF THE 7TH |
Pulaski Yankees batting - Pitching for Elizabethton Twins : RHP John Giffin
|
Pitching: RHP Keith Nix
|
|
Batting: RHB Jordan Barragan
|
0-0: Called Strike 0-1: SINGLE (Groundball, 4, EV 96.2 MPH)
|
Batting: RHB Graham Murphy
|
0-0: Foul Ball, location: 2F 0-1: Called Strike 0-2: TRIPLE (Line Drive, 89XD, EV 109.4 MPH) Jordan Barragan scores
|
Pinch Hitting: RHB John Sabean
|
0-0: Ball 1-0: Ball 2-0: Called Strike 2-1: Ball 3-1: Base on Balls
|
Batting: RHB Roberto Tena
|
0-0: Ball 1-0: Fielders Choice at 2nd, 4-6 (Groundball, 4, EV 103.8 MPH) Graham Murphy scores
|
Batting: LHB Joel Vera
|
0-0: Ball 1-0: Ball 2-0: Foul Ball, location: 2F 2-1: Swinging Strike 2-2: Foul Ball, location: 2F 2-2: Foul Ball, location: 2F 2-2: Ball 3-2: SINGLE (Flyball, 8LS, EV 98.1 MPH) Roberto Tena to second
|
Batting: LHB Dan Morris
|
0-0: Swinging Strike 0-1: DOUBLE (Line Drive, 78D, EV 100.6 MPH) Roberto Tena scores Joel Vera to third Runner from 3rd tries for Home, SAFE, throw by CF to home
|
Pitching: RHP Matthew Dodson
|
|
Batting: RHB Nick Dunton
|
0-0: Called Strike 0-1: Ground out U3 (Groundball, 34, EV 88.1 MPH) Dan Morris to third
|
Batting: SHB Joe Fure
|
0-0: Called Strike 0-1: Called Strike 0-2: DOUBLE (Flyball, 8LXD, EV 96.2 MPH) Dan Morris scores
|
Batting: RHB Johannes Gutermuth
|
0-0: Ball 1-0: Ball 2-0: Ball 3-0: Called Strike 3-1: Ground out 5-3 (Groundball, 5, EV 87.5 MPH)
|
Bottom of the 7th over - 5 runs, 5 hits, 0 errors, 1 left on base; Elizabethton 6 - Pulaski 22 |
TOP OF THE 8TH |
Elizabethton Twins batting - Pitching for Pulaski Yankees : RHP Bobby Savoy
|
Now at 1B: Eddie Trebelhorn
|
|
Batting: LHB Jiong Shui
|
0-0: DOUBLE (Groundball, 5L, EV 103.8 MPH)
|
Batting: RHB Alex Belton
|
0-0: Foul Ball, location: 2F 0-1: Ball 1-1: Called Strike 1-2: Ball 2-2: Ball 3-2: Fly out, F7 (Flyball, 7LS, EV 83.8 MPH)
|
Batting: RHB Nick Phipps
|
0-0: Ball 1-0: Ground out 5-3 (Groundball, 56S, EV 92.5 MPH)
|
Batting: RHB Miguel Castella
|
0-0: Called Strike 0-1: Called Strike 0-2: Ball 1-2: Foul Ball, location: 2F 1-2: Foul Ball, location: 2F 1-2: Foul Ball, location: 2F 1-2: Foul Ball, location: 2F 1-2: 2-RUN HOME RUN (Flyball, 7D, EV 94.4 MPH), Distance : 378 ft
|
Pitching: LHP Steve Martin
|
|
Batting: RHB Andrew Nicol
|
0-0: Called Strike 0-1: Swinging Strike 0-2: Fly out, F8 (Flyball, 8LXD, EV 83.8 MPH)
|
Top of the 8th over - 2 runs, 2 hits, 0 errors, 0 left on base; Elizabethton 8 - Pulaski 22 |
BOTTOM OF THE 8TH |
Pulaski Yankees batting - Pitching for Elizabethton Twins : RHP Matthew Dodson
|
Batting: RHB Jordan Barragan
|
0-0: Foul Ball, location: 2F 0-1: Ball 1-1: Ball 2-1: Foul Ball, location: 2F 2-2: Ball 3-2: Foul Ball, location: 2F 3-2: Foul Ball, location: 2F 3-2: Ground out 5-3 (Groundball, 5L, EV 80.6 MPH)
|
Batting: RHB Graham Murphy
|
0-0: Ball 1-0: Ball 2-0: Ball 3-0: Called Strike 3-1: Called Strike 3-2: Foul Ball, location: 2F 3-2: Base on Balls
|
Batting: SHB Eddie Trebelhorn
|
0-0: Ball 1-0: Called Strike 1-1: Foul Ball, location: 2LF, Error on foul ball, E2 1-2: Foul Ball, location: 2F 1-2: 2-RUN HOME RUN (Flyball, 9D, EV 102.5 MPH), Distance : 380 ft
|
Batting: RHB Roberto Tena
|
0-0: Ball 1-0: Called Strike 1-1: SINGLE (Groundball, 56D, EV 104.4 MPH)
|
Batting: LHB Joel Vera
|
0-0: Ball 1-0: Foul Ball, location: 2F 1-1: Called Strike 1-2: 2-RUN HOME RUN (Flyball, 89XD, EV 115.0 MPH), Distance : 416 ft
|
Pitching: RHP Marcel Koens
|
|
Batting: LHB Dan Morris
|
0-0: Called Strike 0-1: Ball 1-1: Ball 2-1: Ball 3-1: Base on Balls
|
Batting: RHB Nick Dunton
|
0-0: Ball 1-0: Ball 2-0: Called Strike 2-1: Ball Balk! Dan Morris to second 3-1: Base on Balls
|
Batting: SHB Joe Fure
|
0-0: Ball 1-0: Ball 2-0: Called Strike 2-1: Hit by Pitch Dan Morris to third Nick Dunton to second
|
Batting: RHB Johannes Gutermuth
|
0-0: Called Strike 0-1: Ball 1-1: Swinging Strike 1-2: Ball 2-2: Foul Ball, location: 2F 2-2: Ball Wild Pitch! Dan Morris scores Nick Dunton to third Joe Fure to second 3-2: Base on Balls
|
Batting: RHB Jordan Barragan
|
0-0: Foul Ball, location: 2F 0-1: Ball Wild Pitch! Nick Dunton scores Joe Fure to third Johannes Gutermuth to second 1-1: Foul Ball, location: 2F 1-2: Foul Ball, location: 2F 1-2: Ball 2-2: Ball 3-2: Base on Balls
|
Batting: RHB Graham Murphy
|
0-0: Reached on error, E5 (Groundball, 5, EV 88.1 MPH) Joe Fure scores Johannes Gutermuth to third Jordan Barragan to second
|
Batting: SHB Eddie Trebelhorn
|
0-0: Called Strike 0-1: Ball 1-1: Swinging Strike 1-2: Strikes out swinging
|
Batting: RHB Roberto Tena
|
0-0: Foul Ball, location: 2F 0-1: Ball 1-1: Called Strike 1-2: Ball 2-2: Fly out, F9 (Flyball, 9LM, EV 99.4 MPH)
|
Bottom of the 8th over - 7 runs, 3 hits, 2 errors, 3 left on base; Elizabethton 8 - Pulaski 29 |
TOP OF THE 9TH |
Elizabethton Twins batting - Pitching for Pulaski Yankees : LHP Steve Martin
|
Batting: LHB David Campbell
|
0-0: Foul Ball, location: 2F 0-1: Swinging Strike 0-2: Strikes out swinging
|
Batting: RHB Jose Gracia
|
0-0: Foul Ball, location: 2F 0-1: Swinging Strike 0-2: Foul Ball, location: 2F 0-2: Ball 1-2: Strikes out swinging
|
Batting: SHB Dan Morataya
|
0-0: Called Strike 0-1: Ball 1-1: Foul Ball, location: 2F 1-2: Foul Ball, location: 2F 1-2: Foul Ball, location: 2F 1-2: Strikes out swinging
|
Top of the 9th over - 0 runs, 0 hits, 0 errors, 0 left on base; Elizabethton 8 - Pulaski 29 |
|